 Dungeon Crawl Stone Soup version 0.28.0-1-gb440e238dd (webtiles) character file.

Game seed: 7454432745629846042

1 spaghetti the Sneak (level 1, -2/21 HPs)
             Began as a Naga Delver on Feb 20, 2022.
             Slain by a worm (10 damage)
             ... on level 4 of the Dungeon.
             The game lasted 00:00:14 (96 turns).

spaghetti the Sneak (Naga Delver)                     Turns: 96, Time: 00:00:14

Health: -2/21      AC:  1    Str: 14    XL:     1   Next: 20%
Magic:  1/1        EV:  9    Int: 10    God:
Gold:   7          SH:  0    Dex: 12    Spells: 0/0 levels left

rFire   . . .      SeeInvis +   a - +0 hand axe
rCold   . . .      Faith    .   (no shield)
rNeg    . . .      Spirit   .   b - +0 leather armour
rPois   +          Reflect  .   (no helmet)
rElec   .          Harm     .   (no cloak)
rCorr   .          Rampage  .   (no gloves)
Will    .....                   (no barding)
Stlth   +++.......              (no amulet)
HPRegen 0.07/turn               (no ring)
MPRegen 0.07/turn               (no ring)

@: very slow
A: AC +0, large, see invisible, deformed body, poison resistance, slowness 2,
spit poison 1, naga tail 1
a: Spit Poison


You were on level 4 of the Dungeon.
You visited 1 branch of the dungeon, and saw 2 of its levels.

You collected 7 gold pieces.

Inventory:

Hand Weapons
 a - a +0 hand axe (weapon)
Armour
 b - a +0 leather armour (worn)
Wands
 g - a wand of digging (3)
Scrolls
 c - a scroll of fog
 d - a scroll of magic mapping
 e - a scroll of fear
Potions
 f - a potion of haste


   Skills:
 + Level 3.0 Fighting
 + Level 2.0 Axes
 + Level 1.6 Dodging
 + Level 7.2 Stealth


You couldn't memorise any spells.
You didn't know any spells.
Your spell library was empty.

Dungeon Overview and Level Annotations

Branches:
Dungeon (5/15)
 Temple: D:4-7

Altars:


Innate Abilities, Weirdness & Mutations

Your serpentine skin is tough. (AC +0)
You have supernaturally acute eyesight. (SInv)
Armour fits poorly on your strangely shaped body.
Your system is resistant to poisons. (rPois)
You cover ground very slowly.
You can spit poison.
You have a snake-like lower body.


Message History

You see here a scroll labelled LEATUR MAF.
h - a scroll labelled LEATUR MAF The goblin shouts!
You hear a shout!
An orc comes into view. It is wielding a +0 hand axe.
As you read the scroll labelled LEATUR MAF, it crumbles to dust.
You feel strangely unstable.
It was a scroll of teleportation.
Unknown command.
The orc hits you with a +0 hand axe.
You hit the orc but do no damage. The orc barely misses you.
You hit the orc but do no damage.
Your surroundings suddenly seem different.
A worm, a giant cockroach and a kobold come into view.
The kobold is wielding a +0 short sword and quivering poisoned darts.
You hit the worm but do no damage. The worm bites you.
You barely miss the worm. You barely miss the worm. The worm barely misses you.
You hit the worm.
The worm is lightly wounded.
The worm bites you.
You hit the worm.
The worm is lightly wounded.
You hit the worm.
The worm is moderately wounded.
The worm bites you.
You are too injured to fight recklessly!
You are too injured to fight recklessly!
You are too injured to fight recklessly!
You are too injured to fight recklessly!
You are too injured to fight recklessly!
There are monsters nearby!
You are too injured to fight recklessly!
You hit the worm.
The worm is moderately wounded.
The worm closely misses you.
You hit the worm.
The worm is heavily wounded.
You barely miss the worm.
The worm is heavily wounded.
The worm bites you!
You die...

## ###### ##.. .. .KB...
.... #. #..#######..# #.
#........#..# #.
#...........# #.
#..#####.##.######. #..#
#............
#w@####<.##.><.....
........##........###..#
#######.##..#.##..# #..#
#.# # #o.# #..# #.# .g.#
#..# ... ##..# #..# #.#
...# #..# ..# #..# #...
#...


You could see a worm and a giant cockroach (asleep).

Vanquished Creatures
  A kobold (D:4)
1 creature vanquished.

Notes
Turn   | Place    | Note
-------+----------+-------------------------------------------
     0 | D:5      | spaghetti the Naga Delver began the quest for the Orb.
     0 | D:5      | Reached XP level 1. HP: 21/21 MP: 1/1
    96 | D:4      | Slain by a worm

Illustrated notes

Levels and vault maps discovered:
D:4:      layout_loops_ring, lemuel_round_altar, nicolae_shop_gadgets
D:5:      layout_cave_pools, mainiacjoe_overflow_small_starburst,
          nicolae_tso_carved_into_rock, uniq_pikel, uniq_duvessa

Action                   || total
-------------------------++-------
Melee: Hand axe          ||    13
  Use: Scroll            ||     1
 Stab: Sleeping          ||     1
Dodge: Dodged            ||     3
